Unix NetHack Version 5.0.0-0 post-release - last build Jul 14 2026 02:55:29 (1809b74e8187c3a3585e283601c3028b46cbbdcb,branch:main).

Game began 2026-07-15 20:17:02, ended 2026-07-15 20:29:53.

Brudee, chaotic female human Rogue

                --...
                |..h..
                |)@....
               --........
               .... --...|
               --.-  --..--
                ---    ...--
                        ..........
                         .......<.
                          ........

Brudee the Cutpurse     St:10 Dx:18 Co:14 In:9 Wi:11 Ch:13  Chaotic S:813
Dlvl:5  $:113 HP:0(25) Pw:18(18) AC:3  Xp:4/120 T:1296  Burdened

Latest messages:
 The Kop Lieutenant wields a club!
 You have a little trouble lifting u - 2 +0 daggers (at the ready) (5 in total).
 You learn more about your items by comparing them.
 u - a +0 dagger (at the ready) (6 in total).
 In what direction? h
 The dagger hits the Kop Lieutenant.
 The Kop Lieutenant swings his club.
 The Kop Lieutenant misses!
 You hear some noises in the distance.
 You kill the Kop Lieutenant!
 The Keystone Kop throws a cream pie!
 A cream pie misses you.
 You have a little trouble lifting u - a +0 dagger (at the ready) (6 in total).
 The Keystone Kop throws a cream pie!
 The cream pie hits the Keystone Kop.
 The Keystone Kop is blinded by the pie.
 In what direction? h
 You throw 2 daggers.
 The 1st dagger hits the Keystone Kop.
 The 2nd dagger hits the Keystone Kop.
 The Keystone Kop hits!
 You have a sad feeling for a moment, then it passes.
 In what direction? h
 The dagger hits the Keystone Kop.
 In what direction? h
 You kill the Keystone Kop!
 Welcome to experience level 4.
 The Keystone Kop picks up 4 +0 daggers.
 You kill the Keystone Kop!
 You have a little trouble lifting u - 4 +0 daggers (at the ready) (6 in total).
 You fall down the stairs.
 The gnome hits!
 You hit the gnome.
 You kill the gnome!
 You kill the gnome!
 You hear crashing rock.
 You kill the gnome!
 You hear crashing rock.
 You are almost hit by an arrow.
 You miss the gnome.
 You miss the gnome.
 The gnome hits!
 You kill the gnome!
 The dwarf swings his pick-axe.
 The dwarf hits!
 The dwarf swings his pick-axe.
 The dwarf hits!
 You die...
 Do you want your possessions identified? [ynq] (y) y
 Do you want to see your attributes? [ynq] (y) q

Inventory:
 Coins    ('$')
  $ - 113 gold pieces
 Amulets  ('"')
  E - an uncursed amulet of reflection
 Weapons  (')')
  b - a +0 dagger (alternate weapon; not wielded)
  u - 6 +0 daggers (at the ready)
  n - 2 +0 orcish daggers
  K - a +2 katana (weapon in right hand)
 Armor    ('[')
  m - a blessed +1 orcish helm (being worn)
  t - an uncursed +3 orcish helm
  p - an uncursed +0 elven mithril-coat (being worn)
 Comestibles  ('%')
  q - 3 uncursed food rations
  A - 2 uncursed food rations
  s - an uncursed lembas wafer
  H - an uncursed lembas wafer
 Scrolls  ('?')
  x - a blessed scroll of confuse monster
  M - an uncursed scroll of magic mapping
  g - an uncursed scroll of remove curse
 Spellbooks  ('+')
  O - an uncursed spellbook of stone to flesh
 Potions  ('!')
  l - an uncursed potion of confusion
  r - an uncursed potion of extra healing
  N - an uncursed potion of gain energy
  j - an uncursed potion of healing
  w - an uncursed potion of healing
  J - an uncursed potion of oil
  R - an uncursed potion of paralysis
  d - an uncursed potion of sickness
 Rings    ('=')
  Q - a cursed ring of hunger
 Wands    ('/')
  L - a wand of lightning (0:8)
  B - a wand of lightning (0:6)
 Tools    ('(')
  f - an empty uncursed sack
  e - an uncursed lock pick
  G - an uncursed lock pick
 Gems/Stones  ('*')
  y - an uncursed fluorite stone
  C - an uncursed worthless piece of green glass
  z - an uncursed worthless piece of yellow glass

Brudee the Rogue's attributes:

Background:
 You were a Cutpurse, a level 4 female human Rogue.
 You were chaotic, on a mission for Kos
 who was opposed by Issek (lawful) and Mog (neutral).
 You were right-handed.
 You were in the Gnomish Mines, on level 5.
 You entered the dungeon 1296 turns ago.
 There was a new moon in effect when your adventure ended.
 You had 120 experience points, 40 more were needed to attain level 5.
 Your score was 813 before end-of-game adjustments.

Basics:
 You had 0 out of 25 hit points.
 You had all 18 energy points (spell power).
 Your armor class was 3.
 Your wallet contained 113 zorkmids.
 Autopickup was on for '$!=+?/"' plus thrown.

Final Characteristics:
 Your strength was 10 (limit:18/100).
 Your dexterity was 18 (limit:18).
 Your constitution was 14 (limit:18).
 Your intelligence was 9 (limit:18).
 Your wisdom was 11 (limit:18).
 Your charisma was 13 (limit:18).

Final Status:
 You weren't hungry.
 You were burdened; movement was slightly slowed.
 You were wielding a long sword.
 You were unskilled in long sword.

Final Attributes:
 You were devoutly aligned.
 You were stealthy.
 You were guarded.
 Your spell casting was impaired by metallic armor.
 You are dead.

Miscellaneous:
 You didn't encounter any bones levels.
 Total elapsed playing time was 12 minutes and 47 seconds.

Major events:
 Turn
    1: Brudee the chaotic female human Rogue entered the dungeon
 1189: stole 4976 zorkmids worth of merchandise from Chibougamau's general store
 1217: attained the rank of Cutpurse (level 3)
 1257: entered the Gnomish Mines
 1296: killed by a dwarf

Spells:
 Name                 Level Category     Fail Retention
 knock                  1   matter       100%  76%-100%
 force bolt             1   attack       100%  76%-100%
 chain lightning        2   attack       100%  76%-100%

Skills:
 Fighting Skills
   bare handed combat [Unskilled]
   two weapon combat  [Unskilled]
   riding             [Unskilled]
 Weapon Skills
   dagger             [Basic]
   knife              [Unskilled]
   short sword        [Basic]
   broadsword         [Unskilled]
   long sword         [Unskilled]
   two-handed sword   [Unskilled]
   saber              [Unskilled]
   club               [Unskilled]
   mace               [Unskilled]
   morning star       [Unskilled]
   flail              [Unskilled]
   hammer             [Unskilled]
   polearms           [Unskilled]
   spear              [Unskilled]
   crossbow           [Unskilled]
   dart               [Unskilled]
   shuriken           [Unskilled]
 Spellcasting Skills
   divination spells  [Unskilled]
   escape spells      [Unskilled]
   matter spells      [Unskilled]

Voluntary challenges:
 Character rerolling was not enabled.
 You never genocided any monsters.
 You never polymorphed an object.
 You never changed form.
 You used no wishes.
Achievements:
 You entered a shop.
 You attained the rank of Cutpurse.
 You entered the Gnomish Mines.

 The Dungeons of Doom: levels 1 to 4
    Level 1:
       An altar to Kos, a fountain.
    Level 2:
       An altar, some fountains.
    Level 3:
    Level 4:
       A general store, some fountains, a grave.
       Stairs down to The Gnomish Mines.
 The Gnomish Mines:
    Level 5: <- You were here.
       Final resting place for
          you, killed by a dwarf.


Vanquished creatures:
  a Kop Lieutenant
  a little dog
  a Kop Sergeant
 an iguana
  a hobgoblin
  a giant rat
  a brown mold
  4 gnomes
 12 Keystone Kops
  a jackal
  a fox
  3 goblins
  4 grid bugs
  a lichen
  a kobold zombie
  3 newts
37 creatures vanquished.

No species were genocided or became extinct.

Game over:
                       ----------
                      /          \
                     /    REST    \
                    /      IN      \
                   /     PEACE      \
                  /                  \
                  |      Brudee      |
                  |      113 Au      |
                  |   killed by a    |
                  |      dwarf       |
                  |                  |
                  |                  |
                  |       2026       |
                 *|     *  *  *      | *
        _________)/\\_//(\/(/\)/\//\/|_)_______

Goodbye Brudee the Rogue...

You died in The Gnomish Mines on dungeon level 5 with 802 points,
and 113 pieces of gold, after 1296 moves.
You were level 4 with a maximum of 25 hit points when you died.

